 Dungeon Crawl Stone Soup version 0.19.4-8-ga85b6b9 (webtiles) character file.

6152 Naow the Severer (level 10, -6/77 HPs)
             Began as a Minotaur Berserker on Feb 11, 2017.
             Was an Elder of Trog.
             Mangled by an orc warrior
             ... wielding a cursed +0 trident
              (11 damage)
             ... on level 10 of the Dungeon.
             The game lasted 00:11:49 (9439 turns).

Naow the Severer (Minotaur Berserker)               Turns: 9439, Time: 00:11:49

Health: -6/77      AC: 11    Str: 25    XL:     10   Next: 59%
Magic:  9/9        EV:  7    Int:  4    God:    Trog [****..]
Gold:   453        SH:  0    Dex: 10    Spells: 0 memorised, 9 levels left

rFire  . . .     SeeInvis .     I - +5 battleaxe (freeze)
rCold  . . .     Gourm    .     J - +0 plate armour
rNeg   + . .     Faith    .     (shield currently unavailable)
rPois  .         Spirit   .     (helmet restricted)
rElec  .         Reflect  .     (no cloak)
rCorr  .         Harm     .     (no gloves)
MR     ++...                    (no boots)
Stlth  ..........               h - amulet of magic regeneration
                                (no ring)
                                p - ring of positive energy

@: lethally poisoned (-6 -> -6), regenerating
A: retaliatory headbutt, horns 2
a: Berserk, Trog's Hand, Brothers in Arms, Burn Spellbooks, Renounce Religion


You were on level 10 of the Dungeon.
You worshipped Trog.
Trog was greatly pleased with you.
You were hungry.

You visited 1 branch of the dungeon, and saw 10 of its levels.

You collected 453 gold pieces.

Inventory:

Hand Weapons
 a - a +0 hand axe
 I - a +5 battleaxe of freezing (weapon)
Armour
 b - a +0 animal skin
 J - a +0 plate armour (worn)
Jewellery
 h - an amulet of magic regeneration (around neck)
 p - a ring of positive energy (left hand)
Wands
 x - a wand of flame (19/48)
 D - a wand of enslavement (14/24)
 L - a wand of polymorph (15/24)
 M - a wand of paralysis (18/24)
Scrolls
 e - 4 scrolls of enchant weapon {unknown}
 g - a scroll of immolation {unknown}
 i - 10 scrolls of identify {unknown}
 l - a scroll of blinking {unknown}
 m - 4 scrolls of fog {unknown}
 u - 2 scrolls of teleportation {unknown}
 w - a scroll of recharging {unknown}
 z - a scroll of noise {unknown}
 A - 2 scrolls of fear {unknown}
 C - a scroll of remove curse {unknown}
 G - a scroll of enchant armour {unknown}
Potions
 d - 4 potions of heal wounds
 k - 2 potions of invisibility {unknown}
 n - 3 potions of agility {unknown}
 o - 2 potions of magic {unknown}
 q - a potion of beneficial mutation {unknown}
 r - a potion of lignification {unknown}
 s - a potion of degeneration {unknown}
 t - 6 potions of curing {unknown}
 v - 2 potions of berserk rage {unknown}
 B - a potion of might
 H - a potion of haste {unknown}
Books
 y - a book of Air

   Spells                             Type                      Level
   a - Shock                          Conjuration/Air              1
   b - Swiftness                      Charms/Air                   2
   c - Repel Missiles                 Charms/Air                   2
   d - Static Discharge               Conjuration/Air              3
   e - Lightning Bolt                 Conjuration/Air              5
   Trog disapproves of the use of such an item.
 E - a book of Clouds

   Spells                             Type                      Level
   a - Mephitic Cloud                 Conjuration/Poison/Air       3
   b - Conjure Flame                  Conjuration/Fire             3
   c - Poisonous Cloud                Conjuration/Poison/Air       6
   d - Freezing Cloud                 Conjuration/Ice/Air          6
   e - Ring of Flames                 Charms/Fire                  7
   Trog disapproves of the use of such an item.
 K - a book of Necromancy

   Spells                             Type                      Level
   a - Pain                           Necromancy                   1
   b - Animate Skeleton               Necromancy                   1
   c - Vampiric Draining              Necromancy                   3
   d - Regeneration                   Charms/Necromancy            3
   e - Animate Dead                   Necromancy                   4
   f - Control Undead                 Necromancy                   4
   Trog disapproves of the use of such an item.
 O - a book of Minor Magic

   Spells                             Type                      Level
   a - Magic Dart                     Conjuration                  1
   b - Blink                          Translocation                2
   c - Call Imp                       Summoning                    2
   d - Repel Missiles                 Charms/Air                   2
   e - Slow                           Hexes                        2
   f - Conjure Flame                  Conjuration/Fire             3
   g - Mephitic Cloud                 Conjuration/Poison/Air       3
   Trog disapproves of the use of such an item.
Comestibles
 c - 6 bread rations
 f - 2 meat rations
 j - 7 fruits
 F - a beef jerky
 N - 2 chunks of flesh


   Skills:
 - Level 3.6 Fighting
 + Level 17.8 Axes
 + Level 3.2 Armour
 - Level 2.1 Dodging


You had 9 spell levels left.
You didn't know any spells.

Dungeon Overview and Level Annotations

Branches:
Dungeon (10/15)            Temple (0/1) D:6
   Lair: D:8-11         Orc: D:9-12

Altars:
Cheibriados
Dithmenos
Elyvilon
The Shining One

Shops:
D:4 }   D:5 }   D:8 :


Innate Abilities, Weirdness & Mutations

You reflexively headbutt those who attack you in melee.
You have a pair of horns on your head.


Message History

The orc wizard mumbles some strange words.
The orc wizard blinks!
The orc warrior hits you from afar with a trident!
* * * LOW HITPOINT WARNING * * *
You feel sick.
The orc wizard mumbles some strange words.
The orc wizard flickers and vanishes!
Deactivating autopickup; reactivate with Ctrl-A.
The orc warrior hits you from afar with a trident!
* * * LOW HITPOINT WARNING * * *
You feel sick.
The crimson imp blinks!
The orc wizard gestures wildly while chanting.
The orc wizard blinks!
The crimson imp hits you but does no damage.
The orc wizard closely misses you.
There is a stone staircase leading up here.
You feel the effects of Trog's Hand fading.
You feel sick.
The orc warrior hits you from afar with a trident!
You die...

............§.)..
.%................
..................
.....?†...o.o.5...
#..)...o....#
#.o)o.......#
#.o.o....!..#
#..o.5......#
#...@.......#
#...........#
#.$.........#
#...........#
#...........#
#...........#
#...........#
#...........#


You could see an orc warrior, 2 orc wizards, 2 crimson imps and 5 orcs.

Vanquished Creatures
  Pikel (D:6)
  A centaur skeleton (D:9)
  Grinder (D:5)
  Prince Ribbit (D:5)
  2 hippogriffs
  Sigmund (D:2)
  6 yaks (D:7)
  A water moccasin (D:10)
  Menkaure (D:6)
  2 ice beasts
  An orc warrior (D:7)
  2 centaurs
  5 phantoms
  2 ogres
  2 big kobolds
  4 bullfrogs
  3 scorpions
  A water moccasin skeleton (D:7)
  9 wights
  7 killer bees
  2 howler monkeys (D:9)
  2 crimson imps
  3 hounds
  A jelly (D:10)
  4 orc priests
  A bullfrog skeleton (D:5)
  5 orc wizards
  An iguana (D:7)
  Natasha (D:2)
  8 worker ants
  Robin (D:4)
  A worker ant zombie (D:6)
  4 gnolls (D:5)
  A howler monkey skeleton (D:4)
  12 adders
  A shadow imp (D:5)
  3 oozes
  An adder zombie (D:9)
  3 worms (D:3)
  3 dart slugs
  4 leopard geckos
  21 orcs
  3 ball pythons
  3 bats (D:2)
  4 giant cockroaches
  15 goblins
  8 hobgoblins
  18 jackals
  A quokka (D:4)
  3 frilled lizards
  14 kobolds
  A leopard gecko skeleton (D:5)
  A quokka skeleton (D:7)
  7 rats
214 creatures vanquished.

Vanquished Creatures (others)
  A slave (D:6)
  An adder (D:6)
2 creatures vanquished.

Grand Total: 216 creatures vanquished

Notes
Turn   | Place    | Note
-------+----------+-------------------------------------------
     0 | D:1      | Naow the Minotaur Berserker began the quest for the Orb.
     0 | D:1      | Reached XP level 1. HP: 19/19 MP: 0/0
   274 | D:1      | Reached skill level 4 in Axes
   311 | D:1      | Reached XP level 2. HP: 23/26 MP: 1/1
   942 | D:1      | You fall through a shaft!
   970 | D:2      | Reached skill level 5 in Axes
   970 | D:2      | Reached XP level 3. HP: 15/31 MP: 2/2
  1673 | D:2      | Noticed Natasha
  1685 | D:2      | Killed Natasha
  1685 | D:2      | Reached skill level 6 in Axes
  1685 | D:2      | Reached XP level 4. HP: 32/39 MP: 3/3
  2168 | D:2      | Noticed Sigmund
  2179 | D:2      | Killed Sigmund
  2179 | D:2      | Reached skill level 8 in Axes
  2179 | D:2      | Reached XP level 5. HP: 42/45 MP: 4/4
  2504 | D:3      | Reached ** piety under Trog
  2663 | D:3      | Reached XP level 6. HP: 51/51 MP: 5/5
  2946 | D:3      | Found a glowing golden altar of the Shining One.
  3288 | D:3      | You fall through a shaft!
  3290 | D:4      | Reached skill level 9 in Axes
  3483 | D:4      | Noticed Robin
  3506 | D:4      | Killed Robin
  3863 | D:4      | Reached XP level 7. HP: 25/57 MP: 6/6
  4070 | D:4      | Reached skill level 10 in Axes
  4210 | D:4      | Reached *** piety under Trog
  4400 | D:4      | Found Vohuw's Gadget Shop.
  4732 | D:4      | Reached skill level 11 in Axes
  4783 | D:5      | Entered Level 5 of the Dungeon
  4787 | D:5      | Noticed Prince Ribbit
  4793 | D:5      | Killed Prince Ribbit
  4793 | D:5      | Reached XP level 8. HP: 64/64 MP: 7/7
  4822 | D:5      | Noticed Grinder
  4839 | D:5      | Killed Grinder
  4839 | D:5      | Reached skill level 12 in Axes
  5276 | D:5      | Reached skill level 13 in Axes
  5784 | D:5      | Found Jiny's Gadget Emporium.
  6042 | D:6      | Found a staircase to the Ecumenical Temple.
  6066 | D:6      | You fall through a shaft for 2 floors!
  6067 | D:8      | Found Lomusch's Book Shoppe.
  6374 | D:7      | Noticed a hippogriff
  6381 | D:7      | Killed a hippogriff
  6381 | D:7      | Reached skill level 14 in Axes
  6381 | D:7      | Reached XP level 9. HP: 59/70 MP: 8/8
  6511 | D:7      | Reached **** piety under Trog
  6782 | D:7      | Reached skill level 15 in Axes
  7429 | D:6      | Reached skill level 16 in Axes
  7520 | D:6      | Noticed Menkaure
  7525 | D:6      | Killed Menkaure
  7694 | D:6      | Noticed Pikel
  7708 | D:6      | Killed Pikel
  7708 | D:6      | Reached XP level 10. HP: 77/77 MP: 9/9
  8097 | D:8      | Found a white marble altar of Elyvilon.
  8098 | D:8      | Found a glowing golden altar of the Shining One.
  8240 | D:8      | Found a shadowy altar of Dithmenos.
  8389 | D:8      | Reached skill level 17 in Axes
  8919 | D:9      | Found a snail-covered altar of Cheibriados.
  9416 | D:10     | Entered Level 10 of the Dungeon
  9439 | D:10     | Mangled by an orc warrior

Skill      XL: |  1  2  3  4  5  6  7  8  9 10 |
---------------+-------------------------------+-----
Axes           | 4 5 6 8 9 11 14 16 17 | 17.8
Armour         | 3 |  3.2
Fighting       | |  3.6
Dodging        | |  2.1

Action                   |  1- 3 |  4- 6 |  7- 9 | 10-12 || total
-------------------------+-------+-------+-------+-------++-------
Melee: Hand axe          |    70 |   158 |   286 |    30 ||   544
       Headbutt          |     9 |    22 |    58 |    16 ||   105
       Battleaxe         |       |       |       |    85 ||    85
Invok: Berserk           |     1 |     3 |    11 |     1 ||    16
       Trog's Hand       |       |     3 |     4 |     1 ||     8
 Stab: Sleeping          |       |     1 |       |       ||     1
  Eat: Chunk             |     2 |    11 |    23 |     7 ||    43
Armor: Animal skin       |    14 |    19 |    18 |     4 ||    55
       Plate armour      |       |       |       |    59 ||    59
Dodge: Dodged            |    44 |   109 |   114 |    35 ||   302
